 Dungeon Crawl Stone Soup version 0.27.1-2-g3b301248ec (webtiles) character file.

Game seed: 15478961164741409939

252732 raph the Earth Mage (level 19, -1/168 HPs)
             Began as a Deep Dwarf Necromancer on Sept 26, 2021.
             Was the Champion of Makhleb.
             Killed from afar by a fire giant (22 damage)
             ... with a fireball
             ... on level 1 of the Depths on Sept 28, 2021.
             The game lasted 03:43:08 (76452 turns).

raph the Earth Mage (Deep Dwarf Necromancer)       Turns: 76452, Time: 03:43:08

Health: -1/168     AC: 24    Str: 13    XL:     19   Next: 36%
Magic:  12/31      EV: 14    Int: 24    God:    Makhleb [******]
Gold:   878        SH:  7    Dex: 17    Spells: 2/37 levels left

rFire    + . .     SeeInvis .   b - staff of death
rCold    . . .     Faith    .   W - +2 buckler
rNeg     + + .     Spirit   .   Q - +0 fire dragon scales
rPois    .         Reflect  .   D - +2 hat
rElec    +         Harm     .   f - scarf {shadows}
rCorr    .         Rampage  .   i - +2 pair of gloves
Will     +++..                  t - +2 pair of boots of Impatience {rElec Str-3 Int+5}
Stlth    ++++......             K - amulet of the acrobat
HPRegen  0.00/turn              s - +4 ring of protection
MPRegen  0.22/turn              O - ring of Arrival {Ice Will+ Dex+3 Stlth+}

@: no status effects
A: damage resistance, heal wounds, negative energy resistance 1, sense
surroundings 3, no regeneration
}: 1/15 runes: decaying
a: Heal Wounds, Renounce Religion, Minor Destruction, Lesser Servant of Makhleb,
Major Destruction, Greater Servant of Makhleb


You were on level 1 of the Depths.
You worshipped Makhleb.
Makhleb was exalted by your worship.
You visited 9 branches of the dungeon, and saw 37 of its levels.

You collected 3991 gold pieces.
You spent 3113 gold pieces at shops.

Inventory:

Hand Weapons
 a - the +10 hunting sling "Plojy" {flame, +Blink rC+ Int+4 SInv}
   (You found it on level 7 of the Dungeon)

   Any ammunition fired from it burns those it strikes, dealing additional fire
   damage.
   Int:       It affects your intelligence (+4).
   rC:        It protects you from cold.
   SInv:      It lets you see invisible.
   +Blink:    It lets you blink.
 j - the +8 hunting sling "Vocayc" {vorpal, rElec rC+ Will- Dex+2}
   (You found it on level 15 of the Dungeon)

   Any ammunition fired from it inflicts extra damage upon your enemies.
   Dex:       It affects your dexterity (+2).
   rC:        It protects you from cold.
   rElec:     It insulates you from electricity.
   Will:      It decreases your willpower.
Missiles
 n - 2 throwing nets
 q - 759 stones
 C - 18 sling bullets
Armour
 d - a +2 pair of boots
 f - a scarf of shadows (worn)
 i - a +2 pair of gloves (worn)
 m - the -2 hat of the Alchemist {rElec rPois rF+ rC+ rN+ Will+ rMut rCorr}
   (You bought it in a shop on level 2 of the Orcish Mines)

   rF:        It protects you from fire.
   rC:        It protects you from cold.
   rElec:     It insulates you from electricity.
   rPois:     It protects you from poison.
   rN:        It protects you from negative energy.
   rCorr:     It protects you from acid and corrosion.
   rMut:      It protects you from mutation.
   Will:      It increases your willpower.
 t - the +2 pair of boots of Impatience (worn) {rElec Str-3 Int+5}
   (You bought it in a shop on level 1 of the Dungeon)

   Str:       It affects your strength (-3).
   Int:       It affects your intelligence (+5).
   rElec:     It insulates you from electricity.
 B - +0 swamp dragon scales
 D - a +2 hat (worn)
 Q - +0 fire dragon scales (worn)
 W - a +2 buckler (worn)
Magical Staves
 b - a staff of death (weapon)
 w - a staff of earth
Jewellery
 s - a +4 ring of protection (left hand)
 v - a +4 ring of evasion
 H - a +6 ring of dexterity
 K - an amulet of the acrobat (around neck)
 O - the ring of Arrival (right hand) {Ice Will+ Dex+3 Stlth+}
   (You found it on level 10 of the Dungeon)

   [ring of ice]

   It enhances your ice magic.
   Dex:       It affects your dexterity (+3).
   rF:        It makes you vulnerable to fire.
   rC:        It protects you from cold.
   Will:      It increases your willpower.
   Stlth:     It makes you more stealthy.
 V - the ring "Ennaxaf" {rN+ EV+4}
   (You took it off a kobold demonologist on level 13 of the Dungeon)

   [ring of evasion]

   EV:        It affects your evasion (+4).
   rN:        It protects you from negative energy.
 Z - a ring of flight
Wands
 p - a wand of charming (9)
 y - a wand of flame (73)
 z - a wand of polymorph (27)
 E - a wand of iceblast (8)
 N - a wand of acid (4) (quivered)
 R - a wand of digging (14)
Scrolls
 c - 3 scrolls of blinking
 o - a scroll of fog
 x - 2 scrolls of summoning
 L - 4 scrolls of amnesia
 M - 11 scrolls of teleportation
 S - 3 scrolls of holy word
 T - 9 scrolls of identify
 U - 3 scrolls of silence
 Y - 4 scrolls of fear
Potions
 g - 9 potions of brilliance
 l - a potion of cancellation
 r - 7 potions of haste
 u - 3 potions of invisibility
 A - 2 potions of resistance
 F - 6 potions of might
 G - 2 potions of mutation
 I - 12 potions of curing
 J - 5 potions of heal wounds
 P - 2 potions of flight
 X - a potion of magic
Miscellaneous
 e - a phantom mirror
 k - a condenser vane (inert)


   Skills:
 - Level 10.3 Fighting
 - Level 0.5 Axes
 + Level 6.9 Staves
 - Level 12.0 Slings
 - Level 9.1 Armour
 - Level 11.3 Dodging
 - Level 10.0 Stealth
 - Level 4.0 Shields
 - Level 9.9 Spellcasting
 - Level 8.8 Conjurations
 - Level 16.8 Necromancy
 - Level 2.7 Fire Magic
 - Level 18.1 Earth Magic
 - Level 13.3 Invocations
 - Level 3.0 Evocations


You had 2 spell levels left.
You knew the following spells:

 Your Spells              Type           Power      Damage    Failure   Level
a - Pain                  Necr           100%       1d9       1%          1
b - Animate Skeleton      Necr           100%       N/A       1%          1
c - Vampiric Draining     Necr           48%        2d12      1%          3
d - Animate Dead          Necr           48%        N/A       1%          4
e - Death Channel         Necr           48%        N/A       3%          6
f - Stone Arrow           Conj/Erth      100%       3d13      1%          3
g - Borgnjor's Vile Clut  Necr/Erth      48%        N/A       1%          5
h - Agony                 Necr           96%        N/A       1%          5
i - Bolt of Magma         Conj/Fire/Erth 28%        4d13      12%         5
j - Passwall              Tmut/Erth      44%        N/A       1%          2

Your spell library contained the following spells:

 Spells                   Type           Power      Damage    Failure   Level
 Magic Dart               Conj           100%       1d8       1%          1
 Sublimation of Blood     Necr           48%        N/A       1%          2
 Foxfire                  Conj/Fire      100%       2x1d9     2%          1
 Freeze                   Ice            68%        1d8       26%         1
 Sting                    Tmut/Pois      44%        1d5       26%         1
 Call Imp                 Summ           11%        N/A       36%         2
 Ensorcelled Hibernation  Hex/Ice        34%        N/A       36%         2
 Poisonous Vapours        Pois/Air       22%        N/A       36%         2
 Slow                     Hex            11%        N/A       36%         2
 Wereblood                Tmut           11%        N/A       36%         2
 Excruciating Wounds      Necr           48%        N/A       1%          5
 Animate Armour           Summ/Erth      100%       N/A       6%          4
 Leda's Liquefaction      Hex/Erth       26%        N/A       6%          4
 Petrify                  Tmut/Erth      53%        N/A       6%          4
 Iron Shot                Conj/Erth      33%        9d7       16%         6
 Mephitic Cloud           Conj/Pois/Air  25%        N/A       22%         3
 Sticky Flame             Conj/Fire      39%        2d6       22%         4
 Call Canine Familiar     Summ           11%        N/A       58%         3
 Confusing Touch          Hex            11%        N/A       58%         3
 Frozen Ramparts          Ice            34%        1d5       58%         3
 Spider Form              Tmut/Pois      5%         N/A       58%         3
 Swiftness                Air            11%        N/A       58%         3
 Statue Form              Tmut/Erth      35%        N/A       67%         6
 Lightning Bolt           Conj/Air       16%        1d30      75%         5
 Borgnjor's Revivificati  Necr           48%        N/A       85%         8
 Airstrike                Air            5%         N/A       94%         4
 Ice Form                 Ice/Tmut       17%        N/A       94%         4
 Olgreb's Toxic Radiance  Pois           11%        N/A       94%         4
 Summon Ice Beast         Ice/Summ       17%        N/A       94%         4
 Summon Lightning Spire   Summ/Air       11%        N/A       94%         4
 Blade Hands              Tmut           5%         N/A       100%        5
 Metabolic Englaciation   Hex/Ice        8%         N/A       100%        5
 Silence                  Hex/Air        5%         N/A       100%        5
 Invisibility             Hex            5%         N/A       100%        6
 Shadow Creatures         Summ           N/A        N/A       100%        6
 Summon Hydra             Summ           5%         N/A       100%        7
 Discord                  Hex            5%         N/A       100%        8
 Lehudib's Crystal Spear  Conj/Erth      33%        10d9      100%        8
 Necromutation            Tmut/Necr      34%        N/A       100%        8
 Death's Door             Necr           48%        N/A       100%        9
 Fire Storm               Conj/Fire      19%        8d5       100%        9
 Shatter                  Erth           39%        3d31*     100%        9


Dungeon Overview and Level Annotations

Branches:
Dungeon (15/15)            Temple (1/1) D:6            Lair (6/6) D:9
  Swamp (4/4) Lair:3       Spider (3/4) Lair:4        Slime (0/5) Lair:6
    Orc (2/2) D:9             Elf (2/3) Orc:2        Vaults (3/5) D:13
  Crypt (0/3) Vaults:3     Depths (1/5) D:15

Altars:
Ashenzari
Cheibriados
Dithmenos
Elyvilon
Fedhas
Gozag
Hepliaklqana
Kikubaaqudgha
Makhleb
Nemelex Xobeh
Okawaru
Qazlal
Ru
Sif Muna
Trog
Uskayaw
Vehumet
Wu Jian
Xom
Yredelemnul
Zin
The Shining One
Beogh

Shops:
D:1 [   D:8 !   D:15 [   Orc:2 (![(   Elf:2 :   Vaults:1 [   Vaults:2 (

Portals:
Hell: Depths:1
Abyss: Lair:4

Annotations:
Lair:4 2 transporters, Fifowuza's ghost, journeyman DrTm
Elf:1 exclusion: orange crystal statue
Elf:2 3 runed translucent doors
Vaults:2 Sojobo
Vaults:3 Xtahua


Innate Abilities, Weirdness & Mutations

You are resistant to damage.
You can heal yourself by infusing magical energy.
You resist negative energy. (rN+)
You passively map a large area around you.
You do not regenerate.


Message History

The frost giant struggles to escape constriction.
The zombie hands constrict the frost giant!!
The frost giant escapes!
Casting: Borgnjor's Vile Clutch (mildly dangerous; 1% risk of failure)
Confirm with . or Enter, or press ? or * to list all spells.
Aiming: Borgnjor's Vile Clutch (mildly dangerous; 1% risk of failure)
Press: ? - help, Shift-Dir - straight line, f/p - frost giant
Aim: a frost giant, wielding a +0 battleaxe of freezing (moderately wounded, 100% to hit)
You feel a surge of power!
Zombie hands grab the frost giant.
The zombie hands constrict the frost giant.
The frost giant struggles to escape constriction.
The zombie hands constrict the frost giant!
The frost giant points at you and mumbles some strange words.
The bolt of cold hits you!!!
* * * LOW HITPOINT WARNING * * *
Casting: Borgnjor's Vile Clutch (mildly dangerous; 1% risk of failure)
Confirm with . or Enter, or press ? or * to list all spells.
Aiming: Bolt of Magma (dangerous; 12% risk of failure)
Press: ? - help, Shift-Dir - straight line, f/p - frost giant
Aim: a frost giant, wielding a +0 battleaxe of freezing (heavily wounded, constricted by zombie hands, 100% to hit)
The bolt of magma hits the frost giant!!
The frost giant is severely wounded.
The zombie hands constrict the frost giant!
The frost giant gestures at you while chanting.
The bolt of cold misses you.
Casting: Bolt of Magma (dangerous; 12% risk of failure)
Confirm with . or Enter, or press ? or * to list all spells.
Aiming: Bolt of Magma (dangerous; 12% risk of failure)
Press: ? - help, Shift-Dir - straight line, f/p - frost giant
Aim: a frost giant, wielding a +0 battleaxe of freezing (almost dead, constricted by zombie hands, 100% to hit)
The bolt of magma hits the frost giant!
The frost giant is almost dead.
The zombie hands constrict the frost giant!
You kill the frost giant!
Makhleb accepts your kill.
You have identified the last scroll.
The fire giant points at you and mumbles some strange words.
The fireball explodes!
The fireball engulfs you!! You resist.
You die...

,, , ..
...##.......... ,,
...##.##...<......, ,
,,
,**......(.....(.....,
,, * ##...[...........
, , ,,, , , .
##.............. , , ,
,..##...?..........
,,* ..................
, , ,,, ,
............../.≈≈ ,
,,, ,
......@........≈≈≈≈ ,
, , , ...............
,, , , ...)........##.
, , .C......#.#.#* , *
........#.### , * * ,,
, .......#### * , ,
.......# , , * , , , *
,, ,, , * * * **


You could see a fire giant.

Vanquished Creatures
  Asterion (Elf:2)
  A sphinx (D:15)
  A tengu reaver (Vaults:2)
  A thorn hunter (Swamp:4)
  Kirke (Lair:4)
  A fenstrider witch (Swamp:3)
  A frost giant (Depths:1)
  5 vault wardens (Vaults:1)
  2 orc warlords
  An emperor scorpion (Spider:2)
  2 war gargoyles
  3 ironbound preservers (Vaults:1)
  2 vampire knights
  A stone giant (Depths:1)
  3 entropy weavers
  3 dire elephants (Vaults:1)
  A spark wasp (Spider:3)
  3 bunyips
  3 shambling mangroves
  2 eleionomae
  12 boulder beetles
  3 fire dragons
  3 yaktaur captains
  A hydra (shapeshifter) (D:7)
  An ironbound thunderhulk (Vaults:1)
  2 ice dragons (Depths:1)
  A peacekeeper (Vaults:3)
  8 vault guards
  A catoblepas (Lair:5)
  29 hydras
  4 ogre magi
  2 ironbound frosthearts (Vaults:1)
  A death knight (D:14)
  7 alligators
  4 centaur warriors
  11 two-headed ogres
  12 dancing weapons
  10 death yaks
  A tengu warrior (D:13)
  3 ironbound beastmasters (Vaults:1)
  A shock serpent (shapeshifter) (D:13)
  Sonja (Lair:6)
  4 deep elf knights
  A skeletal warrior (D:13)
  7 goliath frogs
  9 swamp dragons
  12 deep trolls
  A glowing orange brain (D:15)
  3 orc knights
  5 bog bodies
  5 deep elf archers
  2 lindwurms
  5 wizards
  A tengu zombie (Vaults:1)
  8 orb spiders
  3 ironbound convokers
  2 necromancers
  13 wolf spiders
  4 orc sorcerers
  18 ugly things
  4 cyclopes
  19 deep elf pyromancers
  10 deep elf zephyrmancers
  A sphinx skeleton (Vaults:1)
  A moth of wrath (Spider:1)
  A stone giant skeleton (Vaults:1)
  2 will-o-the-wisps (Swamp:2)
  2 manticores
  11 elephants
  10 black mambas
  A human skeleton (Vaults:1)
  Joseph (D:9)
  3 vault sentinels
  2 naga magi (D:15)
  17 cane toads
  9 komodo dragons
  5 torpor snails (Lair:6)
  3 rime drakes
  17 yaktaurs
  2 kobold demonologists
  2 freezing wraiths (D:14)
  8 demonic crawlers
  6 tengu conjurers
  33 jumping spiders
  6 trolls
  19 blink frogs
  19 polar bears
  A hornet (shapeshifter) (Elf:2)
  A troll (shapeshifter) (D:15)
  A polar bear (shapeshifter) (D:14)
  12 tyrant leeches
  A wolf spider simulacrum (D:15)
  15 dream sheep
  12 hornets
  A snapping turtle (shapeshifter) (D:7)
  13 slime creatures
  A meliai zombie (D:11)
  2 shadows (D:11)
  An air elemental (Elf:2)
  A centaur simulacrum (D:15)
  5 wyverns
  42 redbacks
  A vampire (D:6)
  4 spriggans
  A spriggan (shapeshifter) (Elf:2)
  14 tarantellas
  A tarantella (shapeshifter) (D:13)
  24 yaks
  3 water elementals
  3 wraiths
  2 fire elementals (Elf:2)
  3 basilisks
  14 vampire mosquitoes
  Menkaure (D:4)
  15 swamp worms
  11 water moccasins
  7 wargs
  16 hell hounds (Lair:6)
  31 orc warriors
  6 swamp drakes
  3 ice beasts
  11 black bears
  2 sky beasts
  A necrophage (D:4)
  A hornet zombie (D:9)
  26 wolves
  8 ogres
  13 centaurs
  3 kobold brigands
  A wyvern zombie (D:5)
  10 bullfrogs
  7 scorpions
  A glowing shapeshifter simulacrum (Vaults:1)
  A water moccasin zombie (D:6)
  A water moccasin skeleton (D:5)
  11 killer bees
  A howler monkey (D:12)
  5 wights (D:9)
  5 electric eels (D:9)
  2 bullfrog zombies
  5 centaur zombies
  10 jellies
  2 gnoll shamans
  14 orc priests
  7 hounds
  7 centaur skeletons
  Terence (D:1)
  An iguana (D:7)
  Natasha (D:3)
  27 orc wizards
  A hound skeleton (D:5)
  A howler monkey zombie (D:8)
  8 gnolls
  3 adders
  A shadow imp (D:7)
  2 white imps
  2 adder skeletons (D:4)
  5 worms
  3 dart slugs
  88 orcs
  7 ball pythons
  5 endoplasms
  10 giant cockroaches
  3 goblins
  6 hobgoblins
  3 jackals (D:4)
  22 kobolds
  4 quokkas
  5 bats
  3 frilled lizards
  7 rats
  2 briar patches (Swamp:4)
1118 creatures vanquished.

Vanquished Creatures (collateral kills)
  4 vault wardens
  An emperor scorpion (Lair:4)
  2 ironbound preservers
  An entropy weaver (Spider:3)
  A dire elephant (Vaults:1)
  An eleionoma (Swamp:2)
  A hydra (Swamp:3)
  A vault guard (Vaults:3)
  2 boulder beetles
  An alligator (Swamp:4)
  A spriggan druid (Swamp:4)
  A deep troll (D:13)
  3 swamp dragons
  A lindwurm (Lair:6)
  A wolf spider (Spider:3)
  An orb spider (Spider:3)
  A manticore (D:14)
  An elephant (Lair:5)
  2 cane toads
  2 rime drakes
  5 yaktaurs
  2 demonic crawlers (Spider:3)
  A troll (D:9)
  A polar bear (Lair:4)
  7 jumping spiders
  2 tyrant leeches (Swamp:4)
  7 blink frogs
  3 hornets
  2 spriggans (Swamp:2)
  12 redbacks
  3 tarantellas
  2 hogs (Lair:3)
  7 yaks
  3 vampire mosquitoes
  A basilisk (Lair:1)
  A harpy simulacrum (D:14)
  2 water moccasins
  4 swamp worms (Swamp:4)
  2 wargs (Lair:6)
  A hell hound (Lair:6)
  2 orc warriors
  A black bear (Lair:6)
  3 swamp drakes (Swamp:4)
  A sky beast (D:5)
  An ogre (D:13)
  2 centaurs
  A kobold brigand (D:6)
  2 bullfrogs (Lair:1)
  5 killer bees (D:10)
  A hound (D:9)
  3 jellies (Lair:6)
  An orc priest (Orc:2)
  2 orc wizards
  3 orcs
  A kobold (D:13)
126 creatures vanquished.

Vanquished Creatures (others)
  A deep elf zephyrmancer (Elf:1)
  2 bloated husks
  3 humans (Lair:4)
  A wolf (Lair:6)
  A bullfrog (Lair:4)
  2 briar patches (Swamp:4)
  3 bushes (Lair:1)
  6 foxfires (Swamp:2)
  70 fungi
  148 plants
237 creatures vanquished.

Grand Total: 1481 creatures vanquished

Notes
Turn   | Place    | Note
-------+----------+-------------------------------------------
     0 | D:1      | raph the Deep Dwarf Necromancer began the quest for the
                  | Orb.
     0 | D:1      | Reached XP level 1. HP: 15/15 MP: 3/3
   107 | D:1      | Learned a level 1 spell: Animate Skeleton
   257 | D:1      | Found a faded altar of an unknown god.
   265 | D:1      | Reached XP level 2. HP: 22/22 MP: 2/4
   455 | D:1      | Found Ugyoko's Antique Armour Emporium.
  1025 | D:2      | Reached XP level 3. HP: 28/28 MP: 2/6
  1066 | D:2      | Learned a level 3 spell: Vampiric Draining
  2261 | D:2      | Noticed Terence
  2362 | D:1      | Killed Terence
  2363 | D:1      | Reached XP level 4. HP: 26/37 MP: 1/7
  2516 | D:2      | Reached skill level 5 in Necromancy
  3192 | D:3      | Noticed a sky beast
  3218 | D:3      | Killed a sky beast
  3219 | D:3      | Reached skill level 1 in Fighting
  3219 | D:3      | Reached XP level 5. HP: 32/44 MP: 0/8
  4156 | D:1      | Bought a pair of gloves for 76 gold pieces
  4501 | D:3      | Noticed Natasha
  4510 | D:3      | Killed Natasha
  4511 | D:3      | Reached XP level 6. HP: 45/51 MP: 0/10
  4593 | D:3      | Learned a level 4 spell: Animate Dead
  4786 | D:4      | Identified a scroll of acquirement
  4786 | D:4      | Acquired a book of Unlife
  5082 | D:4      | Noticed Menkaure
  5406 | D:5      | Entered Level 5 of the Dungeon
  5476 | D:5      | Reached XP level 7. HP: 58/60 MP: 6/11
  5615 | D:5      | Learned a level 2 spell: Call Imp
  5769 | D:5      | Reached skill level 5 in Stealth
  5912 | D:5      | Noticed a two-headed ogre
  6396 | D:6      | Reached XP level 8. HP: 28/68 MP: 5/13
  6461 | D:6      | Learned a level 3 spell: Stone Arrow
  6825 | D:6      | Reached skill level 1 in Earth Magic
  7148 | D:6      | Found a staircase to the Ecumenical Temple.
  7164 | Temple   | Entered the Ecumenical Temple
  7341 | Temple   | Became a worshipper of Makhleb the Destroyer
  7371 | D:6      | Reached skill level 2 in Earth Magic
  7582 | D:6      | Reached skill level 5 in Dodging
  7884 | D:7      | Noticed a deep elf pyromancer
  7899 | D:7      | Killed a deep elf pyromancer
  7900 | D:7      | Reached skill level 4 in Earth Magic
  8223 | D:7      | Found a shimmering altar of Xom.
  8223 | D:7      | Found a shimmering altar of Xom.
  8224 | D:7      | Found a shimmering altar of Xom.
  8225 | D:7      | Found a shimmering altar of Xom.
  8225 | D:7      | Found a shimmering altar of Xom.
  8225 | D:7      | Found a shimmering altar of Xom.
  8226 | D:7      | Found a shimmering altar of Xom.
  8226 | D:7      | Found a shimmering altar of Xom.
  8227 | D:7      | Found a shimmering altar of Xom.
  8250 | D:7      | Found a shimmering altar of Xom.
  8308 | D:7      | Gained mutation: You passively map the area around you.
                  | [Deep Dwarf growth]
  8308 | D:7      | Reached XP level 9. HP: 17/78 MP: 2/14
  8311 | D:7      | Reached skill level 5 in Earth Magic
  8723 | D:7      | Identified the +10 hunting sling "Plojy" {flame, +Blink rC+
                  | Int+4 SInv}
  9605 | D:4      | Killed Menkaure
 10184 | D:4      | Reached * piety under Makhleb
 10438 | D:1      | Bought a pair of ichor-stained boots for 161 gold pieces
 10438 | D:1      | Identified the +2 pair of boots of Impatience {rElec Str-3
                  | Int+5} (You bought it in a shop on level 1 of the Dungeon)
 10755 | D:5      | Killed a two-headed ogre
 10756 | D:5      | Reached skill level 6 in Earth Magic
 10767 | D:5      | Reached skill level 7 in Earth Magic
 11473 | D:7      | Noticed a death drake
 11498 | D:7      | Noticed a mana viper
 11498 | D:7      | a death drake changed into a mana viper
 11542 | D:8      | Found Ragaush's Distillery.
 11557 | D:8      | Bought a potion of magic for 112 gold pieces
 11721 | D:8      | Noticed a two-headed ogre
 11731 | D:8      | Killed a two-headed ogre
 11732 | D:8      | Reached skill level 1 in Slings
 11732 | D:8      | Reached skill level 5 in Spellcasting
 11732 | D:8      | Reached XP level 10. HP: 77/87 MP: 1/16
 11857 | D:8      | Found a radiant altar of Vehumet.
 12089 | D:8      | Found an iron altar of Okawaru.
 12283 | D:8      | Reached skill level 5 in Fighting
 12349 | D:8      | Found a glowing silver altar of Zin.
 12471 | D:8      | Reached ** piety under Makhleb
 12853 | D:8      | Found a glowing golden altar of the Shining One.
 12893 | D:8      | Found a white marble altar of Elyvilon.
 13442 | D:9      | Reached skill level 10 in Necromancy
 13442 | D:9      | Reached skill level 8 in Earth Magic
 13520 | D:9      | Learned a level 5 spell: Borgnjor's Vile Clutch
 13520 | D:9      | Acquired a Necronomicon
 13639 | D:9      | Found a staircase to the Lair.
 14104 | D:9      | Noticed Joseph
 15138 | D:9      | Reached skill level 9 in Earth Magic
 15242 | Lair:1   | Entered Level 1 of the Lair of Beasts
 15293 | Lair:1   | Noticed a black mamba
 15299 | Lair:1   | Killed a black mamba
 15523 | Lair:1   | Noticed a cane toad
 15547 | Lair:1   | Killed a cane toad
 15618 | Lair:1   | Noticed a cane toad
 15625 | Lair:1   | Killed a cane toad
 15808 | Lair:1   | Reached XP level 11. HP: 83/97 MP: 9/18
 15812 | Lair:1   | Reached *** piety under Makhleb
 15812 | Lair:1   | Noticed an eight-headed hydra
 16028 | Lair:1   | Identified the +0 pair of boots "Hirogugg" {Harm rElec
                  | Dex-4}
 16634 | Lair:1   | Killed an eight-headed hydra
 16635 | Lair:1   | Reached skill level 10 in Earth Magic
 16771 | Lair:1   | Noticed a death yak
 16879 | Lair:1   | Noticed a death yak
 16896 | Lair:1   | Noticed a death yak
 16917 | Lair:1   | Killed a death yak
 17098 | D:9      | Killed a death yak
 17524 | D:9      | Killed Joseph
 17604 | Lair:1   | Noticed a death yak
 17675 | D:9      | Killed a death yak
 18084 | D:9      | Found a staircase to the Orcish Mines.
 18876 | Orc:1    | Entered Level 1 of the Orcish Mines
 19089 | Orc:1    | Noticed an orc sorcerer
 19099 | Orc:1    | Killed an orc sorcerer
 19100 | Orc:1    | Reached skill level 1 in Invocations
 19714 | Lair:1   | Reached skill level 11 in Earth Magic
 19961 | Lair:2   | Reached skill level 5 in Slings
 20490 | Lair:2   | Reached XP level 12. HP: 73/106 MP: 7/20
 21211 | Lair:3   | Noticed an eight-headed hydra
 21226 | Lair:3   | Killed an eight-headed hydra
 21227 | Lair:3   | Reached skill level 1 in Conjurations
 21398 | Lair:2   | Reached **** piety under Makhleb
 21603 | Lair:3   | Noticed a four-headed hydra
 21609 | Lair:3   | Killed a four-headed hydra
 21617 | Lair:2   | Reached skill level 12 in Earth Magic
 22186 | Lair:3   | Found a staircase to the Swamp.
 22898 | Lair:3   | Learned a level 5 spell: Agony
 23736 | Lair:4   | Noticed a boulder beetle
 23736 | Lair:4   | Found a hole to the Spider Nest.
 23766 | Lair:4   | Noticed Kirke
 23766 | Lair:4   | Noticed a six-headed hydra
 24118 | Lair:3   | Reached skill level 5 in Invocations
 24439 | Lair:4   | Killed a boulder beetle
 24554 | Lair:4   | Reached XP level 13. HP: 96/115 MP: 9/22
 25150 | Lair:4   | Reached skill level 13 in Earth Magic
 25542 | Lair:4   | Killed Kirke
 25695 | Lair:4   | Found a one-way gate to the infinite horrors of the Abyss.
 25695 | Lair:4   | Noticed Fifowuza's ghost (journeyman DrTm)
 25697 | Lair:4   | Found a transporter.
 25746 | Lair:4   | Found a transporter.
 27113 | Lair:5   | Reached skill level 1 in Evocations
 28435 | Orc:2    | Entered Level 2 of the Orcish Mines
 29131 | Orc:1    | Found Otacwe's Antique Weapon Boutique.
 29721 | Orc:1    | Reached skill level 14 in Earth Magic
 29722 | Orc:1    | Reached ***** piety under Makhleb
 30483 | Orc:2    | Found Xuadir's Antique Armour Emporium.
 30488 | Orc:2    | Found Esoa's Antique Weapon Shoppe.
 30556 | Orc:2    | Gained mutation: You resist negative energy. (rN+) [Deep
                  | Dwarf growth]
 30556 | Orc:2    | Reached XP level 14. HP: 124/126 MP: 24/24
 30626 | Orc:2    | Noticed an orc warlord
 30663 | Orc:2    | Killed an orc warlord
 31194 | Orc:2    | Found Cyporch's Distillery.
 31202 | Orc:2    | Bought a potion of heal wounds for 70 gold pieces
 31202 | Orc:2    | Bought a potion of might for 56 gold pieces
 31210 | Orc:2    | Learned a level 6 spell: Death Channel
 31301 | Orc:2    | Found a staircase to the Elven Halls.
 31502 | Orc:2    | Found Nasy's Weapon Shoppe.
 31900 | Orc:2    | Bought a runed hat for 196 gold pieces
 32176 | D:10     | Entered Level 10 of the Dungeon
 33193 | D:10     | Got Sif Muna's Collected Works on Icy Execration
 33194 | D:10     | Identified the ring of Arrival {Ice Will+ Dex+3 Stlth+}
 33197 | D:10     | Got the Catalogue of the Gliding Volcanoes
 34102 | D:11     | Identified the +2 hand axe of Burnt Gallantry {pain, rC-
                  | rN+ rCorr}
 34165 | D:11     | Got the Catalogue of Confrontation and the Entourage
 34769 | D:11     | Reached skill level 1 in Armour
 36892 | D:13     | Reached skill level 5 in Conjurations
 38047 | D:13     | Identified the ring "Ennaxaf" {rN+ EV+4}
 38690 | D:13     | Found a gate to the Vaults.
 39031 | D:14     | Reached skill level 1 in Shields
 39106 | D:14     | You fall into a shaft and drop 1 floor!
 39106 | D:15     | Entered Level 15 of the Dungeon
 39119 | D:15     | Reached XP level 15. HP: 100/134 MP: 20/26
 39179 | D:15     | Reached skill level 15 in Earth Magic
 39546 | D:15     | Found an opulent altar of Gozag.
 39613 | D:15     | Identified the +1 leather armour of Daisies {Str+2}
 39936 | D:14     | Found a broken altar of Ashenzari.
 40674 | D:13     | Reached skill level 5 in Armour
 41079 | D:15     | Found a staircase to the Depths.
 41121 | D:15     | Found a sparkling altar of Nemelex Xobeh.
 41338 | D:15     | Found Erutic's Antique Armour Emporium.
 41493 | D:15     | Bought a pair of glowing gloves for 142 gold pieces
 41493 | D:15     | Bought a runed scarf for 152 gold pieces
 41552 | D:15     | Reached ****** piety under Makhleb
 41822 | D:15     | Identified the +8 hunting sling "Vocayc" {vorpal, rElec rC+
                  | Will- Dex+2}
 42357 | D:1      | Bought a pair of embroidered boots for 127 gold pieces
 42687 | Lair:6   | Entered Level 6 of the Lair of Beasts
 44336 | Lair:6   | Found a staircase to the Slime Pits.
 44566 | Lair:6   | Noticed Sonja
 44570 | Lair:6   | Killed Sonja
 44689 | Lair:6   | Identified the +2 leather armour of Susil {rN+ Regen+ Int+4
                  | Stlth-}
 45401 | Lair:6   | Reached skill level 15 in Necromancy
 45530 | Lair:6   | Reached XP level 16. HP: 134/144 MP: 16/27
 46227 | Lair:6   | Found a runed translucent door.
 46580 | Lair:6   | Paralysed by a hornet for 2 turns
 46588 | Lair:6   | Paralysed by a hornet for 1 turns
 47726 | Orc:2    | Bought the -2 hat of the Alchemist {rElec rPois rF+ rC+ rN+
                  | Will+ rMut rCorr} for 1321 gold pieces
 47726 | Orc:2    | Found the -2 hat of the Alchemist {rElec rPois rF+ rC+ rN+
                  | Will+ rMut rCorr}
 47855 | Lair:3   | Learned a level 4 spell: Petrify
 47892 | Swamp:1  | Entered Level 1 of the Swamp
 47900 | Swamp:1  | Reached skill level 16 in Earth Magic
 48212 | Orc:2    | Bought a potion of magic for 112 gold pieces
 48212 | Orc:2    | Bought a potion of haste for 140 gold pieces
 50008 | Swamp:2  | Reached skill level 10 in Invocations
 50812 | Swamp:3  | Reached skill level 10 in Dodging
 52351 | Spider:1 | Entered Level 1 of the Spider Nest
 52418 | Lair:4   | Reached skill level 10 in Slings
 54797 | Spider:1 | Reached XP level 17. HP: 151/151 MP: 29/29
 59780 | Spider:3 | Reached skill level 17 in Earth Magic
 60476 | Swamp:4  | Entered Level 4 of the Swamp
 60741 | Swamp:3  | Learned a level 5 spell: Bolt of Magma
 63234 | Swamp:4  | Reached skill level 10 in Stealth
 63766 | Swamp:4  | Got a decaying rune of Zot
 64538 | Vaults:1 | Entered Level 1 of the Vaults
 64551 | Vaults:1 | Gained mutation: You passively map a large area around you.
                  | [Deep Dwarf growth]
 64551 | Vaults:1 | Reached XP level 18. HP: 154/160 MP: 15/30
 64843 | Vaults:1 | Reached skill level 10 in Fighting
 65286 | Vaults:1 | Reached skill level 1 in Fire Magic
 67913 | Vaults:1 | Found Mimudoj's Armour Shoppe.
 69118 | Vaults:2 | Noticed Sojobo
 69290 | Vaults:2 | Found Roro's Weapon Shop.
 69469 | Vaults:2 | HP: 7/162 [war gargoyle/spray of metal splinters[a
                  | peacekeeper] (15)]
 69776 | Vaults:3 | Noticed Xtahua
 69779 | Vaults:3 | Reached skill level 18 in Earth Magic
 70293 | Elf:1    | Entered Level 1 of the Elven Halls
 71825 | Elf:1    | Reached XP level 19. HP: 130/168 MP: 2/31
 72070 | Elf:1    | Reached skill level 1 in Staves
 73003 | Elf:2    | Acquired a staff of earth
 73041 | Elf:2    | Paralysed by an air elemental for 1 turns
 73045 | Elf:2    | Paralysed by an air elemental for 1 turns
 73051 | Elf:2    | Paralysed by an air elemental for 1 turns
 73396 | Elf:2    | Noticed Asterion
 73417 | Elf:2    | Killed Asterion
 73418 | Elf:2    | Reached skill level 5 in Staves
 73845 | Elf:2    | Found Ysofrev's Book Shop.
 73894 | Elf:2    | Bought a book of Burglary for 448 gold pieces
 73897 | Elf:2    | Learned a level 2 spell: Passwall
 74149 | Elf:2    | Found a runed translucent gate.
 74150 | Elf:2    | Found a runed translucent gate.
 74152 | Elf:2    | Found a runed translucent gate.
 75316 | Depths:1 | Entered Level 1 of the Depths
 75316 | Depths:1 | Found a gateway to Hell.
 76452 | Depths:1 | Killed from afar by a fire giant

Illustrated notes

Levels and vault maps discovered:
D:1:      dpeg_arrival_simpleton_b, layout_loops_cross,
          shapermc_ecumenical_altar_starsandcircs, serial_shops,
          nicolae_shop_overgrown_old_shop
D:2:      layout_basic, minmay_tree_intersection, chequers_arboretum,
          wad_floor_pattern_1, uniq_terence
D:3:      layout_basic, kennysheep_generic_room_7, uniq_natasha
D:4:      layout_loops_ring, uniq_menkaure
D:5:      layout_basic
D:6:      layout_basic, minmay_temple_entry_sparse_star
D:7:      layout_loops_ring, xom_shifter_show
D:8:      layout_layer_cave, nicolae_overflow_quartered_altars,
          nicolae_vehumet_radiance, serial_shops, shop
D:9:      layout_roguey [special_room_orc], erik_lair_island, david_orc_3,
          water_maze_lemuel, uniq_joseph
D:10:     dragon1_lemuel, layout_loops_ring
D:11:     layout_gridville
D:12:     layout_basic
D:13:     minmay_diamond_stairs, layout_irregular_city,
          hangedman_vaults_entry_quadrant_bands
D:14:     layout_basic, cheibrodos_ashenzari_chains
D:15:     grunt_enter_depths_magical_seal, layout_irregular_city, serial_shops,
          nicolae_shop_overgrown_old_shop, gauntlet_entry_generic,
          grunt_gozag_statues, drop_trap, nemelex_xobeh_ov_fountains_minmay
Temple:   eino_temple_rhombus
Lair:1:   statuecave_lemuel, layout_loops_ring, serial_forest,
          infiniplex_forest_end_1, infiniplex_forest_lined_ring,
          infiniplex_forest_clump_curved, infiniplex_forest_side_room,
          infiniplex_forest_straight_2, infiniplex_forest_end_2,
          infiniplex_forest_lined_ring, cheibrodos_lair_lostbears
Lair:2:   layout_concentric_octagons, columned_hall_lemuel
Lair:3:   layout_gridlike, swamp_mist, st_stairs_11
Lair:4:   layout_cave_shapes, nicolae_spider_entry_non_spiders,
          gammafunk_ghost_abyssal_escape, beast_lair_carwin_1, uniq_kirke
Lair:5:   layout_loops_ring, infiniplex_staircase_pool, grunt_megastairs_3
Lair:6:   wormcave, layout_hall_layers, hangedman_lair_caniforms_friends,
          minmay_slime_entry_jelly_boxes, portal_ice_cave_rime, st_stairs_12,
          uniq_sonja
Swamp:1:  nicolae_swamp_decorative_isthmus, layout_falls_marsh,
          evilmike_swamp_ruin_rubble_2
Swamp:2:  layout_falls_marsh, evilmike_swamp_ruin_house_3
Swamp:3:  layout_basic_swamp, evilmike_swamp_ruin_house_4
Swamp:4:  swamp, layout_basic_swamp
Spider:1: nicolae_spider_hilbert_zone_5 [nicolae_spider_hilbert_3_sides_1_open,
          nicolae_spider_hilbert_4_sides_1_open,
          nicolae_spider_hilbert_4_sides_1_open,
          nicolae_spider_hilbert_6_sides_1_open,
          nicolae_spider_hilbert_6_sides_1_open],
          nicolae_spider_rock_and_or_roll
Spider:2: layout_spider_delve, hangedman_spider_tarantella_strand
Spider:3: layout_spider_delve
Orc:1:    layout_diamond_mine, serial_shops, nicolae_shop_waterfront
Orc:2:    grunt_orc_community_town_hall, layout_caves,
          grunt_orc_community_big_house_1, grunt_orc_community_big_house_2,
          grunt_orc_community_house_1, grunt_orc_community_house_2,
          grunt_orc_community_house_3, grunt_orc_community_house_2,
          grunt_orc_community_house_3, basic_altar
Elf:1:    eino_elf_arrival_shootout, layout_rooms,
          hangedman_elven_crosses_minicolossus, minivault_16
Elf:2:    nicolae_elf_blades_splatter_lattice [nicolae_blade_lattice],
          layout_loops_cross, serial_shops, nicolae_diamond_shop, uniq_asterion
Vaults:1: ontoclasm_vaults_loading_screen, v_rooms_3, v_misc_10,
          nicolae_vaults_angled_halls, vaults_mumra_chevron_long,
          hangedman_vaults_restitches, v_misc_11, vaults_room_fancy_cross,
          nicolae_vaults_shelves_hall, vaults_mumra_chevron, vaults_room_grid,
          nicolae_vaults_alarming, nicolae_vaults_windows_and_doors_thing,
          vaults_dpeg_encased_lava, layout_vaults_quadrants, serial_shops,
          nicolae_shop_statue_plus
Vaults:2: hangedman_vaults_snaps, nicolae_vaults_little_squares_4,
          vaults_standard_mumra_lines, vaults_room_hallway, v_misc_22,
          vaults_dpeg_hooks, nicolae_vaults_circle_grid_a,
          hangedman_vaults_locks, vaults_room_hangedman_quadrants,
          hangedman_vaults_slice, layout_vaults_omnicross, serial_shops, shop,
          uniq_sojobo
Vaults:3: vaults_room_fancy_cross, minmay_crypt_entry_simple_statues,
          nicolae_vaults_sealed_display, hangedman_vaults_unwind,
          vaults_room_glass_cross, vaults_room_boxed,
          ontoclasm_vaults_loading_screen, hangedman_vaults_capsules,
          nicolae_vaults_asterisk, ontoclasm_vaults_ring_small,
          vaults_dpeg_cross, nicolae_vaults_asterisk,
          nicolae_vaults_mini_display_case, v_rooms_1, vaults_dpeg_ring,
          layout_vaults_omnibox, uniq_xtahua
Depths:1: layout_cave_pools, minmay_misc_feat_nine_boxes, hell_entry,
          yredelemnul_altar_generic, kennysheep_random_hallway,
          serial_bayou_shore_b, minmay_shop_grove

Skill      XL: |  1  2  3  4  5  6  7  8  9 10 11 12 13 14 15 16 17 18 19 |
---------------+----------------------------------------------------------+-----
Spellcasting   | 2 3 4 5 6 7 8 9 |  9.9
Stealth        | 3 4 5 6 8 9 10 | 10.0
Dodging        | 3 4 5 6 7 8 9 10 11 | 11.3
Necromancy     | 5 6 7 8 9 10 11 12 13 14 15 16 | 16.8
Fighting       | 1 2 3 4 5 6 7 8 9 10 | 10.3
Earth Magic    | 4 7 9 11 12 14 15 16 17 18 | 18.1
Slings         | 1 3 5 6 7 8 9 10 11 12 | 12.0
Invocations    | 2 5 7 8 9 10 12 13 | 13.3
Conjurations   | 2 4 5 6 7 8 |  8.8
Evocations     | 3 |  3.0
Armour         | 4 6 7 8 9 |  9.1
Shields        | 1 4 |  4.0
Fire Magic     | 2 |  2.7
Staves         | 6 |  6.9
Axes           | |  0.5

Action                   |  1- 3 |  4- 6 |  7- 9 | 10-12 | 13-15 | 16-18 | 19-21 || total
-------------------------+-------+-------+-------+-------+-------+-------+-------++-------
Melee: Long sword        |     9 |       |       |       |       |       |       ||     9
       War axe           |       |    25 |    89 |       |       |       |       ||   114
       Staff             |       |       |    18 |    22 |     2 |    29 |    22 ||    93
       Hand axe          |       |       |       |       |     4 |       |       ||     4
 Fire: Hunting sling     |       |       |    22 |   194 |   737 |   909 |    27 ||  1889
Throw: Dart              |       |       |     1 |     2 |       |       |       ||     3
 Cast: Pain              |    78 |    58 |    25 |    66 |    14 |       |       ||   241
       Animate Skeleton  |     2 |     2 |     4 |     8 |     1 |       |       ||    17
       Vampiric Draining |     7 |    22 |    63 |    96 |    50 |   145 |    26 ||   409
       Stone Arrow       |       |       |    21 |    17 |    81 |    72 |    25 ||   216
       Animate Dead      |       |       |     4 |    23 |    28 |    18 |     1 ||    74
       Call Imp          |       |       |     1 |       |       |       |       ||     1
       Borgnjor's Vile C |       |       |       |   106 |   221 |   278 |    38 ||   643
       Death Channel     |       |       |       |       |    21 |    25 |     1 ||    47
       Agony             |       |       |       |       |     2 |    29 |       ||    31
       Bolt of Magma     |       |       |       |       |       |    47 |    11 ||    58
Invok: Lesser Servant of |       |       |       |     5 |    15 |     9 |     2 ||    31
       Greater Servant o |       |       |       |       |       |     4 |       ||     4
 Abil: Heal Wounds       |       |     1 |     2 |       |       |     1 |       ||     4
       Evoke Blink       |       |       |       |    21 |    13 |    11 |       ||    45
Evoke: Wand              |       |       |       |     9 |     3 |     5 |       ||    17
       Phantom mirror    |       |       |       |       |       |     1 |       ||     1
       Condenser vane    |       |       |       |       |       |       |     1 ||     1
  Use: Scroll            |     5 |     7 |     4 |     7 |     9 |     9 |     2 ||    43
       Potion            |     1 |     1 |     4 |     3 |       |     7 |     4 ||    20
 Stab: Invisible         |       |       |     4 |       |       |       |       ||     4
       Sleeping          |       |       |     1 |       |       |     1 |       ||     2
Armor: Robe              |    17 |    18 |    61 |    94 |    54 |       |       ||   244
       Leather armour    |       |     4 |       |       |       |       |       ||     4
       Fire dragon scale |       |       |       |       |   218 |   187 |    52 ||   457
       Swamp dragon scal |       |       |       |       |       |   280 |       ||   280
Dodge: Dodged            |    27 |    34 |   194 |   270 |   429 |   808 |    57 ||  1819
Block: Buckler           |       |       |       |       |    74 |   324 |    38 ||   436
       Rpst.: Long sword |     4 |       |       |       |       |       |       ||     4
